 Dungeon Crawl Stone Soup version 0.29.1-4-g47bece8355 (webtiles) character file.

Game seed: 8285159707628774024

6 soursz the Grave Robber (level 1, -3/14 HPs)
             Began as a Ghoul Necromancer on Dec 3, 2022.
             Slain by a kobold
             ... wielding a +0 short sword
              (4 damage)
             ... on level 1 of the Dungeon.
             The game lasted 00:05:05 (257 turns).

soursz the Grave Robber (Ghoul Necromancer)          Turns: 257, Time: 00:05:06

Health: -3/14      AC:  2    Str: 11    XL:     1   Next: 90%
Magic:  2/2        EV: 12    Int: 10    God:
Gold:   30         SH:  0    Dex:  9    Spells: 2/3 levels left

rFire   . . .      SeeInvis .   (no weapon)
rCold   + . .      Faith    .   (no shield)
rNeg    + + +      Spirit   .   a - +0 robe
rPois   ∞          Reflect  .   (no helmet)
rElec   .          Harm     .   (no cloak)
rCorr   .          Rampage  .   (no gloves)
Will    .....                   (no boots)
Stlth   ++........              (no amulet)
HPRegen 0.00/turn               (no ring)
MPRegen 0.08/turn               (no ring)

@: inhibited regen
A: claws 1, cold resistance 1, negative energy resistance 3, inhibited
regeneration, torment resistance 2, devour on kill
a: no special abilities


You were on level 1 of the Dungeon.
You visited 1 branch of the dungeon, and saw 1 of its levels.

You collected 30 gold pieces.

Inventory:

Armour
 a - a +0 robe (worn)
Potions
 b - a potion of magic


   Skills:
 + Level 1.8 Dodging
 + Level 2.2 Stealth
 + Level 1.7 Spellcasting
 + Level 4.2 Necromancy


You had 2 spell levels left.
You knew the following spells:

 Your Spells              Type           Power      Damage    Failure   Level
a - Necrotise             Necr           36%        1d5       5%          1

Your spell library contained the following spells:

 Spells                   Type           Power      Damage    Failure   Level
 Vampiric Draining        Necr           9%         2d6       17%         3
 Animate Dead             Necr           9%         N/A       50%         4
 Agony                    Necr           9%         N/A       83%         5


Dungeon Overview and Level Annotations

Branches:
Dungeon (1/15)

Altars:


Innate Abilities, Weirdness & Mutations

You are immune to poison.
You have sharp fingernails.
Your flesh is cold resistant. (rC+)
You are immune to negative energy. (rN+++)
You do not regenerate when monsters are visible.
You are immune to unholy pain and torment.
You thrive by killing the living.


Message History

There is a stone staircase leading down here.
A quokka comes into view.
The quokka closely misses you.
You scratch the quokka but do no damage.
The quokka bites you.
You scratch the quokka but do no damage.
The quokka closely misses you.
You closely miss the quokka. The quokka misses you.
The quokka closely misses you.
You barely miss the quokka. The quokka closely misses you.
You miss the quokka. The quokka bites you.
You barely miss the quokka. The quokka misses you.
You closely miss the quokka. The quokka closely misses you.
You scratch the quokka.
The quokka is almost dead.
The quokka barely misses you. The quokka closely misses you.
You scratch the quokka.
You kill the quokka!
You feel better.
You see here a quokka corpse.
You see here a quokka corpse.
A kobold comes into view. It is wielding a +0 short sword.
The kobold shouts!
You hear an angry hiss.
A ball python comes into view.
The kobold closely misses you.
You scratch the kobold but do no damage.
The kobold barely misses you.
You scratch the kobold.
The kobold is moderately wounded.
The kobold hits you with a +0 short sword.
* * * LOW HITPOINT WARNING * * *
You closely miss the kobold.
The kobold is moderately wounded.
A giant cockroach comes into view.
The kobold hits you with a +0 short sword.
* * * LOW HITPOINT WARNING * * *
The giant cockroach moves out of view.
The kobold attacks as you move away!
The kobold hits you with a +0 short sword.
You die...

### #.. ##.## .S. #.#
#K# #.##@# #.#..#
#.#.## .# #.#.# .# #
.# #.#.# .# .#####.#
#.#.# ###.##... ..#.#
#.#.###.......###.#.#
#...................#
###........## #....


You could see a ball python and a kobold.

Vanquished Creatures
  An endoplasm (D:1)
  A giant cockroach (D:1)
  A hobgoblin (D:1)
  A quokka (D:1)
  A ball python (D:1)
5 creatures vanquished.

Notes
Turn   | Place    | Note
-------+----------+-------------------------------------------
     0 | D:1      | soursz the Ghoul Necromancer began the quest for the Orb.
     0 | D:1      | Reached XP level 1. HP: 14/14 MP: 2/2
   257 | D:1      | Slain by a kobold

Illustrated notes

Levels and vault maps discovered:
D:1:      nzn_arrival_settlement, layout_loops_ring, moated_statue

Action                   || total
-------------------------++-------
Melee: Unarmed           ||    28
       Punch             ||     1
  Use: Scroll            ||     1
Armor: Robe              ||     2
Dodge: Dodged            ||    19
